Map: 2000 Atmospheres LE

Players

TerraN

  • Race: Terran Terran

Kelazhur - Winner!

  • Race: Terran Terran

Event: DreamHack SC2 Masters 2021 Fall

VOD

Have the link to the VOD?

Description

Time

  • Played on: July 31, 2021, 4:25 p.m.
  • Length: 8:24

All games in this series

Show
View Real Time Build Order
Export as new Build Order

TerraN Terran 

Build Orders:  

Get SALT Encoding   

  12  0:00  SCV  
  13  0:12  SCV  
  14  0:16  Supply Depot  
  14  0:24  SCV  
  15  0:38  SCV  
  15  0:41  Barracks  
  16  0:43  Refinery  
  16  0:50  SCV  
  17  0:59  Barracks  
  17  1:02  SCV  
  18  1:14  SCV  
  19  1:27  Reaper  
  19  1:28  Orbital Command  
  19  1:31  Supply Depot  
  20  1:37  Refinery  
  20  1:46  Reaper  
  21  1:53  SCV  
  22  2:02  Reaper  
  22  2:05  SCV  
  24  2:18  Reaper, SCV  
  26  2:23  Supply Depot  
  26  2:30  SCV  
  26  2:31  Command Center  
  26  2:35  Reaper  
  28  2:42  SCV  
  29  2:47  Factory  
  29  2:54  SCV  
  29  2:56  Barracks Tech Lab  
  30  3:06  SCV  
  30  3:08  Barracks Reactor  
  31  3:16  Marine  
  31  3:19  SCV  
  32  3:31  SCV  
  32  3:34  Factory Tech Lab  
  30  3:35  Marine, Starport  
  31  3:42  Bunker, Stimpack  
  31  3:44  SCV  
  31  3:45  Orbital Command  
  32  3:49  Marine  
  32  3:50  Marine  
  32  3:51  Refinery  
  32  3:55  Widow Mine  
  36  3:56  SCV  
  36  3:59  Marine  
  38  4:07  Marine x2  
  38  4:08  SCV  
  41  4:11  SCV  
  41  4:14  Starport Tech Lab  
  42  4:19  Supply Depot  
  42  4:20  Siege Tank  
  42  4:24  Marine, SCV  
  46  4:28  Supply Depot  
  46  4:29  SCV  
  48  4:37  SCV  
  49  4:39  Raven, Engineering Bay  
  49  4:41  SCV  
  52  4:45  Marine x2  
  52  4:48  Marine  
  52  4:50  SCV  
  56  4:53  SCV  
  57  5:01  Siege Tank  
  57  5:03  Marine x2, SCV  
  57  5:06  Terran Infantry Weapons Level 1  
  63  5:08  Supply Depot  
  63  5:09  SCV  
  63  5:11  Marine  
  64  5:15  SCV  
  65  5:21  SCV  
  65  5:27  Combat Shield  
  64  5:30  Command Center  
  64  5:32  SCV  
  64  5:34  SCV  
  64  5:35  Starport Reactor  
  66  5:37  Marine x3  
  66  5:42  Refinery  
  69  5:44  SCV  
  69  5:46  SCV  
  71  5:55  Marine x2  
  71  5:56  SCV  
  74  5:59  Barracks  
  74  6:00  SCV, Barracks  
  75  6:06  Marine  
  75  6:09  Supply Depot  
  75  6:10  SCV  
  75  6:11  Supply Depot  
  77  6:12  Siege Tank  
  77  6:13  Marine  
  77  6:15  Medivac x2  
  77  6:17  SCV  
  86  6:29  Marine x2  
  86  6:30  SCV  
  84  6:33  Supply Depot  
  84  6:43  Marine  
  83  6:47  Marine  
  83  6:51  Siege Tank  
  87  6:55  Marine  
  87  6:58  SCV x2  
  90  7:01  Marine  
  90  7:05  Marine  
  90  7:06  SCV  
  90  7:07  Barracks Reactor, Marine  
  94  7:10  SCV  
  94  7:13  Marine  
  95  7:19  Marine  
  82  7:23  Marine, Siege Tank  
  82  7:25  Marine  
  69  7:31  Marine  
  69  7:32  Orbital Command  
  69  7:33  Medivac x2  
  74  7:37  Marine  
  74  7:41  Marine  
  74  7:43  Marine  
  74  7:44  Marine x2  
  78  7:49  Marine  
  78  7:51  Barracks  
  80  7:54  Barracks x2  
  80  7:55  Marine  
  83  7:59  Marine  
  83  8:01  Marine x2  
  83  8:02  Marine  
Show
View Real Time Build Order
Export as new Build Order

Kelazhur Terran - Winner!

Build Orders:  

Get SALT Encoding   

  12  0:00  SCV  
  13  0:12  SCV  
  14  0:17  Supply Depot  
  14  0:24  SCV  
  15  0:39  SCV  
  15  0:40  Barracks  
  16  0:42  Refinery  
  16  0:51  SCV  
  16  0:53  Refinery  
  17  1:03  SCV  
  18  1:15  SCV  
  19  1:27  Reaper, Orbital Command  
  19  1:28  Supply Depot  
  20  1:41  Factory  
  20  1:55  SCV  
  20  1:59  Reaper  
  22  2:08  SCV  
  23  2:20  SCV  
  24  2:25  Hellion  
  26  2:30  Command Center  
  26  2:31  Reaper  
  26  2:33  SCV  
  28  2:40  Supply Depot  
  28  2:45  SCV  
  28  2:48  Widow Mine  
  31  2:53  Starport  
  31  3:01  SCV  
  31  3:03  Barracks Reactor  
  32  3:09  Factory Tech Lab  
  32  3:14  SCV  
  33  3:21  Refinery  
  33  3:26  SCV  
  32  3:34  Cyclone  
  32  3:38  SCV  
  32  3:39  Starport Tech Lab  
  32  3:41  Marine x2  
  38  3:42  Orbital Command  
  38  3:50  SCV  
  39  3:58  Marine  
  39  3:59  Marine, Raven  
  39  4:02  SCV  
  44  4:05  Supply Depot  
  44  4:11  Siege Tank  
  44  4:12  SCV  
  44  4:14  SCV  
  49  4:18  Marine  
  50  4:25  SCV  
  50  4:26  Marine, SCV  
  53  4:33  Supply Depot  
  53  4:37  SCV  
  54  4:38  SCV  
  54  4:39  Marine  
  54  4:41  Raven  
  54  4:43  Marine  
  59  4:49  SCV  
  59  4:50  SCV  
  61  4:56  Siege Tank  
  61  4:59  Supply Depot  
  64  5:01  SCV  
  64  5:02  Marine x2, SCV  
  68  5:08  Supply Depot  
  68  5:13  SCV  
  69  5:14  Command Center  
  69  5:15  SCV  
  70  5:25  SCV  
  70  5:27  SCV  
  72  5:33  Siege Tank  
  75  5:36  Viking x2  
  75  5:37  Marine, SCV  
  75  5:42  SCV  
  82  5:44  Refinery, Supply Depot  
  82  5:45  Stimpack  
  82  5:49  SCV  
  83  5:50  Supply Depot  
  83  5:54  SCV  
  82  6:01  SCV  
  81  6:07  Viking x2  
  84  6:12  Marine  
  84  6:17  SCV, Barracks  
  84  6:18  Barracks  
  86  6:23  Siege Tank  
  88  6:27  SCV  
  88  6:32  SCV  
  90  6:38  Viking  
  92  6:40  Marine  
  92  6:43  SCV  
  94  6:48  SCV  
  94  6:51  Orbital Command  
  88  6:55  SCV  
  88  6:58  Marine  
  88  7:00  SCV  
  91  7:03  Siege Tank  
  94  7:16  Barracks Reactor  
  94  7:17  Barracks Reactor  
  94  7:20  Barracks x2, Engineering Bay  
  94  7:22  Engineering Bay  
  92  7:24  SCV  
  92  7:29  Marine, Viking x2, Orbital Command  
  95  7:30  SCV  
  95  7:35  Siege Tank  
  95  7:37  SCV  
  101  7:41  Supply Depot  
  101  7:42  SCV  
  101  7:43  Refinery  
  102  7:47  Refinery, Marine  
  102  7:49  SCV  
  104  7:54  SCV  
  104  7:55  Marine x4  
  109  8:00  SCV  
  109  8:01  SCV  
  109  8:02  Sensor Tower  
  109  8:03  Supply Depot  
  109  8:05  Marine, Supply Depot  
  111  8:06  SCV  

Tags
 
Add a new tag
Caveats
  • Supply blocks, unpowered buildings, or Contaminate may cause inaccurate times.
  • Supply counts are checked every 10 seconds.